TOP OF THE 1ST |
Los Cabos Cartel batting - Pitching for Niagara Falls Frenzy : RHP Mark Head
|
Pitching: RHP Mark Head
|
|
Batting: RHB Oliver Hernández
|
0-0: Ball 1-0: Foul Ball, location: 2F 1-1: Called Strike 1-2: Ball 2-2: Ball 3-2: Fly out, F5 (Popup, 5F)
|
Batting: SHB Julián Madrid
|
Single, Error in OF, E9, batter to second base
|
Batting: RHB Oliver Lugo
|
0-0: Swinging Strike 0-1: Ball 1-1: Ground out 2-3 (Groundball, 25) Julián Madrid to third
|
Batting: RHB Justin Schultz
|
0-0: DOUBLE (Line Drive, 7LS) Julián Madrid scores
|
Batting: LHB Luis González
|
0-0: Ball 1-0: Ball 2-0: Foul Ball, location: 2F 2-1: Ball 3-1: Foul Ball, location: 2F 3-2: Base on Balls
|
Batting: RHB Michael Barraclough
|
0-0: Ball 1-0: Called Strike 1-1: Called Strike 1-2: Strikes out swinging
|
Top of the 1st over - 1 run(s), 2 hit(s), 1 error(s), 2 left on base; Los Cabos 1 - Niagara Falls 0 |
BOTTOM OF THE 1ST |
Niagara Falls Frenzy batting - Pitching for Los Cabos Cartel : RHP Marty Burgess
|
Pitching: RHP Marty Burgess
|
|
Batting: RHB Lawrence Schroeder
|
0-0: Called Strike 0-1: Ball 1-1: SINGLE (Groundball, 4M)
|
Batting: RHB Juan Carlos Rodríguez
|
0-0: Ball 1-0: Called Strike 1-1: Fly out, F8 (Flyball, 8LXD)
|
Batting: LHB Dante Owens
|
0-0: Foul Ball, location: 2F 0-1: Foul Ball, location: 2F 0-2: Ball 1-2: SINGLE (Groundball, 13) (infield hit) Lawrence Schroeder to second
|
Batting: LHB Donovan Bird
|
0-0: Grounds into double play, 4-6-3 (Groundball, 34)
|
Bottom of the 1st over - 0 run(s), 2 hit(s), 0 error(s), 1 left on base; Los Cabos 1 - Niagara Falls 0 |
TOP OF THE 2ND |
Los Cabos Cartel batting - Pitching for Niagara Falls Frenzy : RHP Mark Head
|
Batting: RHB Dan Mason
|
0-0: Foul Ball, location: 2F 0-1: Foul Ball, location: 2F 0-2: Ball 1-2: Ball 2-2: Strikes out swinging
|
Batting: RHB Sam Wallace
|
0-0: SINGLE (Groundball, 34D)
|
Batting: RHB António Magana
|
0-0: Called Strike 0-1: Ball 1-1: Ball 2-1: DOUBLE (Flyball, 8LS) Sam Wallace to third
|
Batting: RHB Oliver Hernández
|
0-0: Ball 1-0: Called Strike 1-1: Ball 2-1: Called Strike 2-2: Foul Ball, location: 2F 2-2: Ball 3-2: Foul Ball, location: 2F 3-2: Foul Ball, location: 2F 3-2: Strikes out looking
|
Batting: SHB Julián Madrid
|
0-0: Ball 1-0: Ball 2-0: Ball 3-0: Called Strike 3-1: Base on Balls
|
Batting: RHB Oliver Lugo
|
0-0: Fly out, F8 (Flyball, 8RD)
|
Top of the 2nd over - 0 run(s), 2 hit(s), 0 error(s), 3 left on base; Los Cabos 1 - Niagara Falls 0 |
BOTTOM OF THE 2ND |
Niagara Falls Frenzy batting - Pitching for Los Cabos Cartel : RHP Marty Burgess
|
Batting: SHB Ray Burgess
|
0-0: Ball 1-0: Called Strike 1-1: Ball 2-1: Ball 3-1: SINGLE (Groundball, 34D)
|
Batting: SHB Shumei Yokoyama
|
0-0: Called Strike 0-1: Called Strike 0-2: Ball 1-2: Foul Ball, location: 2F 1-2: Ball 2-2: Ball 3-2: Base on Balls Ray Burgess to second
|
Batting: SHB Martín De Jesús
|
0-0: Foul Ball, location: 2F 0-1: Foul Ball, location: 2F 0-2: Foul Ball, location: 2F 0-2: Strikes out looking
|
Batting: RHB Ángel Hinojosa
|
0-0: Called Strike 0-1: Ball 1-1: Fly out, F9 (Flyball, 9S)
|
Batting: RHB Juan Sánchez
|
0-0: Ball 1-0: Ball 2-0: Foul Ball, location: 2F 2-1: Ball 3-1: DOUBLE (Line Drive, 78M) Ray Burgess scores Shumei Yokoyama to third Runner from 3rd tries for Home, SAFE, throw made home
|
Batting: RHB Lawrence Schroeder
|
0-0: Foul Ball, location: 2F 0-1: Ball 1-1: Ball 2-1: Fly out, F9 (Flyball, 89XD)
|
Bottom of the 2nd over - 2 run(s), 2 hit(s), 0 error(s), 1 left on base; Los Cabos 1 - Niagara Falls 2 |
TOP OF THE 3RD |
Los Cabos Cartel batting - Pitching for Niagara Falls Frenzy : RHP Mark Head
|
Batting: RHB Justin Schultz
|
0-0: Ground out 1-3 (Groundball, 15)
|
Batting: LHB Luis González
|
0-0: Ball 1-0: Called Strike 1-1: Swinging Strike 1-2: Foul Ball, location: 2F 1-2: Foul Ball, location: 2F 1-2: Strikes out swinging
|
Batting: RHB Michael Barraclough
|
0-0: Ball 1-0: DOUBLE (Flyball, 8RXD)
|
Batting: RHB Dan Mason
|
0-0: Ground out 5-3 (Groundball, 5S)
|
Top of the 3rd over - 0 run(s), 1 hit(s), 0 error(s), 1 left on base; Los Cabos 1 - Niagara Falls 2 |
BOTTOM OF THE 3RD |
Niagara Falls Frenzy batting - Pitching for Los Cabos Cartel : RHP Marty Burgess
|
Batting: RHB Juan Carlos Rodríguez
|
0-0: Called Strike 0-1: Ball 1-1: Foul Ball, location: 2F 1-2: Foul Ball, location: 2F 1-2: Foul Ball, location: 2F 1-2: Fly out, F9 (Flyball, 9M)
|
Batting: LHB Dante Owens
|
0-0: Ball 1-0: Foul Ball, location: 2F 1-1: Called Strike 1-2: Foul Ball, location: 2F 1-2: Ball 2-2: Ball 3-2: Base on Balls
|
Batting: LHB Donovan Bird
|
0-0: Ball 1-0: Foul Ball, location: 2F 1-1: Ball 2-1: Fly out, F4 (Line Drive, 4M)
|
Batting: SHB Ray Burgess
|
0-0: Called Strike 0-1: Ground out 6-3 (Groundball, 6)
|
Bottom of the 3rd over - 0 run(s), 0 hit(s), 0 error(s), 1 left on base; Los Cabos 1 - Niagara Falls 2 |
TOP OF THE 4TH |
Los Cabos Cartel batting - Pitching for Niagara Falls Frenzy : RHP Mark Head
|
Batting: RHB Sam Wallace
|
0-0: Swinging Strike 0-1: Called Strike 0-2: Ball 1-2: Strikes out looking
|
Batting: RHB António Magana
|
0-0: Foul Ball, location: 2F 0-1: Ball 1-1: Ground out 5-3 (Groundball, 5)
|
Batting: RHB Oliver Hernández
|
0-0: SINGLE (Line Drive, 78S)
|
Batting: SHB Julián Madrid
|
0-0: Ball 1-0: Called Strike 1-1: SINGLE (Line Drive, 8LS) Oliver Hernández to second Runner from 2nd tries for 3rd, SAFE, throw made to third
|
Batting: RHB Oliver Lugo
|
0-0: Fly out, F7 (Flyball, 7M)
|
Top of the 4th over - 0 run(s), 2 hit(s), 0 error(s), 2 left on base; Los Cabos 1 - Niagara Falls 2 |
BOTTOM OF THE 4TH |
Niagara Falls Frenzy batting - Pitching for Los Cabos Cartel : RHP Marty Burgess
|
Batting: SHB Shumei Yokoyama
|
0-0: Called Strike 0-1: Ball 1-1: Ball 2-1: Ground out 6-3 (Groundball, 6M)
|
Batting: SHB Martín De Jesús
|
0-0: Ball 1-0: Ball 2-0: Foul Ball, location: 2F 2-1: Ball 3-1: Ground out 6-3 (Groundball, 6)
|
Batting: RHB Ángel Hinojosa
|
0-0: SINGLE (Line Drive, 6D)
|
Batting: RHB Juan Sánchez
|
0-0: Ball 1-0: Foul Ball, location: 2F 1-1: SINGLE (Line Drive, 34) Ángel Hinojosa to second
|
Batting: RHB Lawrence Schroeder
|
0-0: Ball 1-0: Fielders Choice at 2nd, 5-4 (Groundball, 5)
|
Bottom of the 4th over - 0 run(s), 2 hit(s), 0 error(s), 1 left on base; Los Cabos 1 - Niagara Falls 2 |
TOP OF THE 5TH |
Los Cabos Cartel batting - Pitching for Niagara Falls Frenzy : RHP Mark Head
|
Pitching: LHP Phillip Moran
|
|
Batting: RHB Justin Schultz
|
0-0: SINGLE (Groundball, 5L)
|
Batting: LHB Luis González
|
0-0: Ball 1-0: Foul Ball, location: 2F 1-1: Foul Ball, location: 2F 1-2: Foul Ball, location: 2F 1-2: Grounds into double play, 3-6-1 (Groundball, 3)
|
Batting: RHB Michael Barraclough
|
0-0: Called Strike 0-1: Ball 1-1: Called Strike 1-2: Ball 2-2: Strikes out swinging
|
Top of the 5th over - 0 run(s), 1 hit(s), 0 error(s), 0 left on base; Los Cabos 1 - Niagara Falls 2 |
BOTTOM OF THE 5TH |
Niagara Falls Frenzy batting - Pitching for Los Cabos Cartel : RHP Marty Burgess
|
Pitching: RHP Jorge Jiménez
|
|
Batting: RHB Juan Carlos Rodríguez
|
0-0: Ball 1-0: Foul Ball, location: 2F 1-1: Foul Ball, location: 2F 1-2: Strikes out swinging
|
Batting: LHB Dante Owens
|
0-0: Called Strike 0-1: Ball 1-1: Fly out, F7 (Flyball, 7M)
|
Batting: LHB Donovan Bird
|
0-0: Ball 1-0: DOUBLE (Line Drive, 9LD)
|
Batting: SHB Ray Burgess
|
0-0: Ball 1-0: Swinging Strike 1-1: Ball 2-1: Called Strike 2-2: Ground out 4-3 (Groundball, 34)
|
Bottom of the 5th over - 0 run(s), 1 hit(s), 0 error(s), 1 left on base; Los Cabos 1 - Niagara Falls 2 |
TOP OF THE 6TH |
Los Cabos Cartel batting - Pitching for Niagara Falls Frenzy : LHP Phillip Moran
|
Batting: RHB Dan Mason
|
0-0: Swinging Strike 0-1: Ground out 6-3 (Groundball, 6)
|
Batting: RHB Sam Wallace
|
0-0: Ball 1-0: Ball 2-0: Called Strike 2-1: Foul Ball, location: 2F 2-2: Strikes out swinging
|
Batting: RHB António Magana
|
0-0: SOLO HOME RUN (Flyball, 78XD), Distance : 432 ft
|
Batting: RHB Oliver Hernández
|
0-0: Called Strike 0-1: Foul Ball, location: 2F 0-2: Strikes out swinging
|
Top of the 6th over - 1 run(s), 1 hit(s), 0 error(s), 0 left on base; Los Cabos 2 - Niagara Falls 2 |
BOTTOM OF THE 6TH |
Niagara Falls Frenzy batting - Pitching for Los Cabos Cartel : RHP Jorge Jiménez
|
Batting: SHB Shumei Yokoyama
|
0-0: Foul Ball, location: 2F 0-1: Ball 1-1: Called Strike 1-2: Foul Ball, location: 2F 1-2: Foul Ball, location: 2F 1-2: Ball 2-2: Ball 3-2: Foul Ball, location: 2F 3-2: Fly out, F7 (Flyball, 78D)
|
Batting: SHB Martín De Jesús
|
0-0: Called Strike 0-1: Ball 1-1: Ball 2-1: Ground out 3-1 (Groundball, 34S)
|
Batting: RHB Ángel Hinojosa
|
0-0: Called Strike 0-1: Foul Ball, location: 2F 0-2: Ball 1-2: Strikes out swinging
|
Bottom of the 6th over - 0 run(s), 0 hit(s), 0 error(s), 0 left on base; Los Cabos 2 - Niagara Falls 2 |
TOP OF THE 7TH |
Los Cabos Cartel batting - Pitching for Niagara Falls Frenzy : LHP Phillip Moran
|
Pitching: RHP Horace Thomas
|
|
Batting: SHB Julián Madrid
|
0-0: Ball 1-0: Ball 2-0: Foul Ball, location: 2F 2-1: Foul Ball, location: 2F 2-2: Ball 3-2: Fly out, F4 (Line Drive, 4)
|
Pinch Hitting: LHB Marc Brown
|
0-0: Ball 1-0: Foul Ball, location: 2F 1-1: Foul Ball, location: 2F 1-2: SINGLE (Line Drive, 34D)
|
Pinch Hitting: LHB Manny Quiñones
|
0-0: Ball 1-0: Called Strike 1-1: Foul Ball, location: 2F 1-2: SINGLE (Groundball, 34) Marc Brown to second Marc Brown to third
|
Pinch Hitting: LHB Truman Hodge
|
0-0: Ball 1-0: Foul Ball, location: 2F 1-1: Called Strike 1-2: Foul Ball, location: 2F 1-2: Foul Ball, location: 2F 1-2: Ball 2-2: Strikes out swinging
|
Pinch Hitting: RHB Stephen Wilson
|
0-0: Called Strike 0-1: Fly out, F4 (Popup, 4MD)
|
Top of the 7th over - 0 run(s), 2 hit(s), 0 error(s), 2 left on base; Los Cabos 2 - Niagara Falls 2 |
BOTTOM OF THE 7TH |
Niagara Falls Frenzy batting - Pitching for Los Cabos Cartel : RHP Jorge Jiménez
|
Pitching: RHP Rex Welch
|
|
Now at 1B: Manny Quiñones
|
|
Now at 2B: Stephen Wilson
|
|
Now in CF: Víctor Solano
|
|
Now in RF: Marc Brown
|
|
Batting: RHB Juan Sánchez
|
0-0: Ball 1-0: Swinging Strike 1-1: Ball 2-1: Ground out 4-3 (Groundball, 4)
|
Pinch Hitting: LHB Clyde Yarbrough
|
0-0: Called Strike 0-1: Ground out 4-3 (Groundball, 4)
|
Pinch Hitting: RHB Troy Lau
|
0-0: Ball 1-0: Ball 2-0: Swinging Strike 2-1: Swinging Strike 2-2: Ball 3-2: Base on Balls
|
Pinch Hitting: LHB Seung-woo Yi
|
0-0: Called Strike 0-1: Ball 1-1: SINGLE (Line Drive, 4MD) Troy Lau to second
|
Pinch Hitting: RHB Eichiro Yamamoto
|
0-0: Called Strike 0-1: Ball 1-1: Ground out 4-3 (Groundball, 4MS)
|
Bottom of the 7th over - 0 run(s), 1 hit(s), 0 error(s), 2 left on base; Los Cabos 2 - Niagara Falls 2 |
TOP OF THE 8TH |
Los Cabos Cartel batting - Pitching for Niagara Falls Frenzy : RHP Horace Thomas
|
Now at 2B: Bryce Hester
|
|
Now at 3B: Eichiro Yamamoto
|
|
Now in CF: Seung-woo Yi
|
|
Now in RF: Clyde Yarbrough
|
|
Pinch Hitting: LHB Willie Wallace
|
0-0: Fly out, F9 (Flyball, 8RM)
|
Pinch Hitting: RHB Beco Lombo
|
0-0: Ball 1-0: Called Strike 1-1: Ball 2-1: Swinging Strike 2-2: DOUBLE (Flyball, 8RM)
|
Pinch Runner at 2nd Wilbert Rodgers:
|
|
Batting: RHB Yasuhiro Kobayashi
|
0-0: Ball 1-0: Called Strike 1-1: Ball 2-1: Swinging Strike 2-2: Strikes out looking
|
Batting: RHB Oliver Hernández
|
0-0: Swinging Strike 0-1: Ball 1-1: Called Strike 1-2: Fly out, F7 (Flyball, 7M)
|
Top of the 8th over - 0 run(s), 1 hit(s), 0 error(s), 1 left on base; Los Cabos 2 - Niagara Falls 2 |
BOTTOM OF THE 8TH |
Niagara Falls Frenzy batting - Pitching for Los Cabos Cartel : RHP Rex Welch
|
Now at SS: Pedro Cerda
|
|
Now in LF: Wilbert Rodgers
|
|
Batting: RHB Carlos Castro
|
0-0: Swinging Strike 0-1: Foul Ball, location: 2F 0-2: Ball 1-2: Strikes out swinging
|
Batting: SHB Shumei Yokoyama
|
0-0: Ball 1-0: Called Strike 1-1: Ball 2-1: Ball 3-1: Base on Balls
|
Batting: SHB Martín De Jesús
|
0-0: Called Strike 0-1: Ball 1-1: Foul Ball, location: 2F 1-2: Foul Ball, location: 2F 1-2: Ball 2-2: Foul Ball, location: 2F 2-2: Ball 3-2: Foul Ball, location: 2F 3-2: SINGLE (Line Drive, 4M) Shumei Yokoyama to second
|
Batting: RHB Ángel Hinojosa
|
0-0: Ground out 5-3 (Groundball, 56S) Shumei Yokoyama to third Martín De Jesús to second
|
Batting: RHB Juan Sánchez
|
0-0: Called Strike 0-1: Ball 1-1: Swinging Strike 1-2: Ground out 6-3 (Groundball, 6MS)
|
Bottom of the 8th over - 0 run(s), 1 hit(s), 0 error(s), 2 left on base; Los Cabos 2 - Niagara Falls 2 |
TOP OF THE 9TH |
Los Cabos Cartel batting - Pitching for Niagara Falls Frenzy : RHP Horace Thomas
|
Pitching: RHP Alfonso Medina
|
|
Batting: SHB Julián Madrid
|
0-0: Called Strike 0-1: Ball 1-1: Foul Ball, location: 2F 1-2: SINGLE (Groundball, 3D)
|
Batting: LHB Marc Brown
|
0-0: Ball 1-0: Grounds into double play, 4-6-3 (Groundball, 4)
|
Batting: LHB Manny Quiñones
|
0-0: Ball 1-0: Fly out, F7 (Flyball, 7M)
|
Top of the 9th over - 0 run(s), 1 hit(s), 0 error(s), 0 left on base; Los Cabos 2 - Niagara Falls 2 |
BOTTOM OF THE 9TH |
Niagara Falls Frenzy batting - Pitching for Los Cabos Cartel : RHP Rex Welch
|
Batting: LHB Clyde Yarbrough
|
0-0: Called Strike 0-1: Ball 1-1: Ground out 6-3 (Groundball, 6M)
|
Batting: RHB Bryce Hester
|
0-0: Ball 1-0: Swinging Strike 1-1: Swinging Strike 1-2: Strikes out swinging
|
Batting: LHB Seung-woo Yi
|
0-0: Ball 1-0: Called Strike 1-1: Ball 2-1: Called Strike 2-2: Ball 3-2: Base on Balls
|
Pitching: RHP Juan Velázquez
|
|
Batting: RHB Eichiro Yamamoto
|
0-0: Ball 1-0: Ball 2-0: Foul Ball, location: 2F 2-1: Ball 3-1: Foul Ball, location: 2F 3-2: Strikes out swinging
|
Bottom of the 9th over - 0 run(s), 0 hit(s), 0 error(s), 1 left on base; Los Cabos 2 - Niagara Falls 2 |
TOP OF THE 10TH |
Los Cabos Cartel batting - Pitching for Niagara Falls Frenzy : RHP Alfonso Medina
|
Batting: RHB Víctor Solano
|
0-0: Ball 1-0: Ball 2-0: Ball 3-0: Base on Balls
|
Batting: RHB Stephen Wilson
|
0-0: Fly out, F8 (Flyball, 89D) Runner from 1st tags up, SAFE at 2nd
|
Batting: LHB Pedro Cerda
|
0-0: Ball 1-0: Called Strike 1-1: Ball 2-1: Called Strike 2-2: Foul Ball, location: 2F 2-2: Strikes out swinging
|
Batting: RHB Wilbert Rodgers
|
0-0: Ball 1-0: Swinging Strike 1-1: Swinging Strike 1-2: Strikes out swinging
|
Top of the 10th over - 0 run(s), 0 hit(s), 0 error(s), 1 left on base; Los Cabos 2 - Niagara Falls 2 |
BOTTOM OF THE 10TH |
Niagara Falls Frenzy batting - Pitching for Los Cabos Cartel : RHP Juan Velázquez
|
Batting: RHB Carlos Castro
|
0-0: Fly out, F8 (Flyball, 8RS)
|
Batting: SHB Shumei Yokoyama
|
0-0: Ball 1-0: Ball 2-0: Foul Ball, location: 2F 2-1: Foul Ball, location: 2F 2-2: Foul Ball, location: 2F 2-2: Ball 3-2: Foul Ball, location: 2F 3-2: Foul Ball, location: 2F 3-2: Foul Ball, location: 2F 3-2: Foul Ball, location: 2F 3-2: SINGLE (Line Drive, 78S)
|
Batting: SHB Martín De Jesús
|
0-0: Called Strike 0-1: Ball 1-1: Called Strike 1-2: Fly out, F7 (Flyball, 7D)
|
Batting: RHB Ángel Hinojosa
|
0-0: Foul Ball, location: 2F 0-1: Ball 1-1: Called Strike 1-2: Strikes out swinging
|
Bottom of the 10th over - 0 run(s), 1 hit(s), 0 error(s), 1 left on base; Los Cabos 2 - Niagara Falls 2 |
TOP OF THE 11TH |
Los Cabos Cartel batting - Pitching for Niagara Falls Frenzy : RHP Alfonso Medina
|
Batting: RHB Yasuhiro Kobayashi
|
0-0: Called Strike 0-1: Foul Ball, location: 2F 0-2: Strikes out looking
|
Batting: RHB Oliver Hernández
|
0-0: Called Strike 0-1: Ball 1-1: Swinging Strike 1-2: Ball 2-2: Ball 3-2: Base on Balls
|
Batting: SHB Julián Madrid
|
0-0: Called Strike 0-1: Foul Ball, location: 2F 0-2: Ball 1-2: Ball 2-2: Ball 3-2: Fly out, F8 (Flyball, 8LXD)
|
Batting: LHB Marc Brown
|
0-0: Ball 1-0: Ball 2-0: Foul Ball, location: 2F 2-1: Ball 3-1: SINGLE (Line Drive, 5D) Oliver Hernández to second
|
Batting: LHB Manny Quiñones
|
0-0: Ball 1-0: Called Strike 1-1: Ball 2-1: Foul Ball, location: 2F 2-2: Ball 3-2: Foul Ball, location: 2F 3-2: SINGLE (Line Drive, 6MD) Oliver Hernández to third Marc Brown to second Oliver Hernández scores Marc Brown to third
|
Pitching: RHP Terry Fields
|
|
Batting: RHB Víctor Solano
|
0-0: Ball 1-0: Foul Ball, location: 2F 1-1: Fly out, F9 (Flyball, 89M)
|
Top of the 11th over - 1 run(s), 2 hit(s), 0 error(s), 2 left on base; Los Cabos 3 - Niagara Falls 2 |
BOTTOM OF THE 11TH |
Niagara Falls Frenzy batting - Pitching for Los Cabos Cartel : RHP Juan Velázquez
|
Pitching: RHP Juan Nieto
|
|
Batting: RHB Juan Sánchez
|
0-0: Ball 1-0: Ball 2-0: Ball 3-0: Called Strike 3-1: Fly out, F6 (Line Drive, 6)
|
Batting: LHB Clyde Yarbrough
|
0-0: Ball 1-0: Fly out, F7 (Flyball, 7S)
|
Batting: RHB Bryce Hester
|
0-0: Called Strike 0-1: SINGLE (Groundball, 6M)
|
Batting: LHB Seung-woo Yi
|
0-0: Ball 1-0: Ball 2-0: Swinging Strike 2-1: Swinging Strike 2-2: Foul Ball, location: 2F 2-2: Strikes out swinging
|
Bottom of the 11th over - 0 run(s), 1 hit(s), 0 error(s), 1 left on base; Los Cabos 3 - Niagara Falls 2 |
|